Cogmind - Beta 15 @@@ ROGUE MODE // 2025.05.17 @ 02:43:14 Player: Sunvar Result: Destroyed by S-10 Pest with Light Assault Rifle Performance ------------- Evolutions (0) 0 Regions Visited (2) 400 Robots Destroyed (25) 125 Value Destroyed (583) 583 Prototype IDs (13) 260 Alien Tech Used (0) 0 Bonus (0) 0 TOTAL SCORE: 1368 Bonus ------- None Cogmind --------- Core Integrity 0/250 Matter 211/300 Energy 248/250 System Corruption 0% Temperature Cool (0) Movement Rolling (119) Ox2 Location -10/Subcaves Parts ------- > --- POWER (1) -------- Ion Engine > --- PROPULSION (2) --- Wheel Subdweller Monowheel > --- UTILITY (2) ------ Huge Storage Unit Seismic Detector > --- WEAPON (2) ------- Light Assault Rifle Makeshift Axe > --- INVENTORY (25) --- Light Ion Engine Subdweller Power Source Subdweller Power Source Subdweller Power Source Subdweller Monowheel Flightbrick Improved Heat Sink Large Storage Unit Large Matter Pod (150) Subdweller Optics Hacking Suite Light Assault Rifle Light Assault Rifle Subdweller Machine Gun Grenade Launcher Grenade Launcher Mining Laser Makeshift Spear Peak State ------------ > --- POWER ------------ Ion Engine > --- PROPULSION ------- Wheel Subdweller Monowheel > --- UTILITY ---------- Huge Storage Unit Seismic Detector > --- WEAPON ----------- Light Assault Rifle Makeshift Axe > --- INVENTORY -------- Light Ion Engine Subdweller Power Source Subdweller Power Source Subdweller Power Source Subdweller Monowheel Flightbrick Improved Heat Sink Large Storage Unit Large Matter Pod Subdweller Optics Hacking Suite Light Assault Rifle Light Assault Rifle Subdweller Machine Gun Grenade Launcher Grenade Launcher Mining Laser Makeshift Spear [Rating: 17] Favorites ----------- Power Ion Engine Engine Ion Engine Propulsion Light Treads Treads Light Treads Wheel Wheel Utility Seismic Detector Device Seismic Detector Storage Large Storage Unit Weapon Assault Rifle Ballistic Gun Assault Rifle Launcher Grenade Launcher Impact Weapon Hammer Slashing Weapon Makeshift Axe Build | -11 -10 -10 ------- Run | Yrd Mat Sub Slots Evolved . | . . . Power . | . . . Propulsion . | . . . Utility . | . . . Weapon . | . . . Parts Attached 26 | 8 4 14 Power 4 | 1 1 2 Engine 4 | 1 1 2 Core . | . . . Reactor . | . . . Propulsion 5 | 2 . 3 Treads 2 | 2 . . Leg . | . . . Wheel 3 | . . 3 Hover . | . . . Flight . | . . . Utility 6 | 2 2 2 Device 2 | 1 . 1 Storage 4 | 1 2 1 Processor . | . . . Hackware . | . . . Protection . | . . . Artifact . | . . . Weapon 11 | 3 1 7 Energy Gun . | . . . Energy Cannon . | . . . Ballistic Gun 8 | 3 . 5 Ballistic Cannon . | . . . Launcher 1 | . . 1 Special Weapon . | . . . Impact Weapon 1 | . 1 . Slashing Weapon 1 | . . 1 Piercing Weapon . | . . . Special Melee Weapon . | . . . Unidentified Prototypes . | . . . Parts Lost 8 | . 2 6 Power 2 | . 1 1 Propulsion 3 | . . 3 Utility . | . . . Weapon 3 | . 1 2 Highest Loss Streak 3 | . 2 3 To Critical Strikes . | . . . Average Backups 14 | 4 11 18 Power 2 | . 1 3 Propulsion 3 | 3 3 2 Utility 3 | . 2 4 Weapon 5 | . 4 7 Tool/Special . | . . . Unused Backups 14 | . 3 11 Power 3 | . . 3 Propulsion 4 | . 2 2 Utility 4 | . 1 3 Weapon 3 | . . 3 Tool/Special . | . . . Average Slot Usage (%) 98 | . 99 98 Engine 13 | . 13 13 Treads 18 | . 27 9 Wheel 8 | . . 17 Device 14 | . 14 14 Storage 14 | . 14 14 Ballistic Gun 23 | . 24 20 Impact Weapon 3 | . 3 4 Peak Build Rating 17 | 7 8 17 Average Rating 10 | 5 7 13 On Entrance 5 | . 7 8 Naked Turns . | . . . Heaviest Build 91 | 15 30 91 Greatest Support 40 | 40 40 40 Greatest Overweight (x) 9 | . . 9 Average Overweight (x) 1 | . . 3 Largest Inventory Capacity 25 | 8 15 25 Average Capacity 17 | 7 13 22 Most Carried 23 | 7 15 23 Average Carried 15 | 4 11 20 Final Capacity 25 | 8 15 25 Final Carried 21 | 7 15 21 Class Distribution -------------------- 100% | Mutant Dominant Class ---------------- Mutant | -10/Materials Mutant | -10/Subcaves Resources | -11 -10 -10 ----------- Run | Yrd Mat Sub Matter Collected 1012 | 328 338 346 Remotely . | . . . Salvage Created 924 | 141 550 233 Parts 54 | 7 31 16 Haulers Intercepted 2 | . 2 . Recyclers Shooed . | . . . Parts Field Recycled . | . . . Retrieved Matter . | . . . Parts Self-Destructed . | . . . Prevented . | . . . Kills | -11 -10 -10 ------- Run | Yrd Mat Sub Combat Hostiles Destroyed 15 | . 9 6 Guns 15 | . 9 6 Classes Destroyed 9 | 2 6 1 Worker 1 | . 1 . Tunneler 3 | 3 . . Hauler 2 | . 2 . Recycler 2 | 1 1 . Operator 1 | . 1 . Watcher 1 | . 1 . Swarmer 3 | . 3 . Grunt 6 | . 6 . Subdweller 6 | . . 6 Best Kill Streak 5 | 3 5 2 Combat Bots Only 4 | . 4 2 Max Kills in Single Turn 1 | 1 1 1 Gunslinging . | . . . Exploded . | . . . Melee . | . . . Uniques/NPCs Destroyed . | . . . Combat | -11 -10 -10 -------- Run | Yrd Mat Sub Hostile Shots Fired 107 | . 51 56 Missed 28 | . 12 16 Hits 79 | . 39 40 Projectile 79 | . 39 40 Critical Strikes 2 | . 1 1 Damage Taken 1398 | . 465 933 Core 251 | . 59 192 Absorbed by Shields . | . . . Regen/Repaired (Parts) 108 | . 108 . Core Remaining (%) 100 | 100 . . Volleys Fired 92 | 8 46 38 Largest 2 | 2 2 2 Hottest 50 | 40 40 50 Shots Fired 183 | 16 91 76 Gun 180 | 16 91 73 Cannon . | . . . Launcher 3 | . . 3 Special . | . . . Kinetic 180 | 16 91 73 Thermal . | . . . Explosive 3 | . . 3 Electromagnetic . | . . . Robot Hit Streak 21 | 6 11 21 Robot Miss Streak 3 | 2 3 1 Penetration Max . | . . . Secondary Targets 2 | . 1 1 Max Gunslinging Chain 1 | . 1 1 Shots Hit Robots 131 | 11 57 63 Core Hits 52 | 5 29 18 Critical Kills . | . . . Critical Parts Destroyed 1 | . 1 . Critical Strikes 1 | . 1 . Smash 1 | . 1 . Melee Attacks 21 | . 4 17 Impact 13 | . 4 9 Slashing 8 | . . 8 Piercing . | . . . Sneak Attacks 1 | . 1 . Combat Hostiles . | . . . Follow-up Attacks . | . . . Damage Inflicted 1725 | 139 770 816 Guns 1445 | 139 713 593 Cannons . | . . . Explosions 184 | . . 184 Melee 96 | . 57 39 Ramming . | . . . Kinetic 1445 | 139 713 593 Thermal . | . . . Explosive 184 | . . 184 Electromagnetic . | . . . Impact 57 | . 57 . Slashing 39 | . . 39 Piercing . | . . . Highest Corruption . | . . . Average Corruption . | . . . Corruption Purged . | . . . Corruption Blocked . | . . . Overload Shots . | . . . Overflow Damage 95 | . 57 38 Projectiles . | . . . Explosions 38 | . . 38 Melee 57 | . 57 . Knockbacks . | . . . Impact . | . . . Kinetic . | . . . Secondary . | . . . Self-Inflicted Damage 68 | . . 68 Shots 2 | . . 2 Rammed . | . . . Targets Rammed . | . . . Kicked . | . . . Crushed . | . . . Highest Temperature 20 | . 20 . Average Temperature 5 | . 5 . Received Heat Transfer 315 | . 237 78 Siege Activations . | . . . Martial Activations . | . . . Shielding Activations . | . . . Robots Disrupted . | . . . Combat Hostiles . | . . . Robots Corrupted 1 | . 1 . Combat Hostiles . | . . . Parts Fried 2 | . 2 . Impact Corruptions 2 | . 2 . Robots Melted . | . . . Combat Hostiles . | . . . Parts Melted . | . . . Heat Transferred . | . . . Parts Sabotaged . | . . . Parts Stolen . | . . . Parts Stripped . | . . . Power Chain Reactions . | . . . Alert | -11 -10 -10 ------- Run | Yrd Mat Sub Maximum Alert Level . | . . . Low Security (%) 100 | 100 100 . Level 1 . | . . . Level 2 . | . . . Level 3 . | . . . Level 4 . | . . . Level 5 . | . . . High Security . | . . . Max Security . | . . . Peak Influence 116 | 15 116 . Initial . | . . . Average 26 | 3 29 . Influence Increases 312 | 20 292 . Destroy 0b10 Robot/C 180 | . 180 . Destroy 0b10 Robot/NC 50 | 20 30 . Destroy Leader 46 | . 46 . Successful Hack 4 | . 4 . Destroy Structure 2 | . 2 . Lose Combat Pursuer 30 | . 30 . Influence Decreases 312 | 20 292 . Time Decay 307 | 20 287 . Lost Part 5 | . 5 . Squads Dispatched . | . . . Investigation . | . . . Extermination . | . . . Reinforcement . | . . . Assault . | . . . Garrison . | . . . Intercept . | . . . Searches Triggered . | . . . Construction Impeded . | . . . Haulers Reinforced . | . . . Active Scanning Responses . | . . . Cargo Convoy Interrupts . | . . . Stealth | -11 -10 -10 --------- Run | Yrd Mat Sub Distress Signals . | . . . Communications Jammed . | . . . Distress Signals . | . . . Times Spotted 24 | . 16 8 Peak Tracking Total 5 | . 5 3 Tactical Retreats 2 | . 2 . Traps | -11 -10 -10 ------- Run | Yrd Mat Sub Traps Triggered 1 | . . 1 Indirectly . | . . . Trap Hack Attempts . | . . . Triggered . | . . . Disarmed . | . . . Reprogrammed . | . . . Reused . | . . . Traps Extracted . | . . . Installed . | . . . Triggered . | . . . Machines | -11 -10 -10 ---------- Run | Yrd Mat Sub Machines Disabled 1 | . . 1 Max in Single Turn 1 | . . 1 Machines Repaired . | . . . Machines Dismantled . | . . . Machines Sabotaged . | . . . Overloaded Fab Kills . | . . . Hacking | -11 -10 -10 --------- Run | Yrd Mat Sub Machines Accessed 9 | . 7 2 Terminals 6 | . 6 . Fabricators . | . . . Repair Stations 1 | . 1 . Recycling Units . | . . . Scanalyzers . | . . . Garrison Access . | . . . Total Hacks 26 | . 21 5 Successful 14 | . 9 5 Failed 12 | . 12 . Catastrophic 4 | . 4 . Database Lockouts . | . . . Manual 6 | . 6 . Terminals 19 | . 19 . Fabricators . | . . . Repair Stations 2 | . 2 . Recycling Units . | . . . Scanalyzers . | . . . Garrison Access . | . . . Terminal Hacks 10 | . 5 5 Record 4 | . . 4 Robot Analysis 1 | . 1 . Prototype ID Bank 1 | . 1 . Hauler Manifests 1 | . 1 . Registered Components 1 | . 1 . Registered Prototypes 1 | . 1 . Proto ID Catalog 1 | . . 1 Fabricator Hacks . | . . . Repair Station Hacks 2 | . 2 . Scan Component 1 | . 1 . Repair 1 | . 1 . Recycling Unit Hacks . | . . . Scanalyzer . | . . . Garrison Access Hacks . | . . . Unauthorized Hacks 2 | . 2 . Terminals 2 | . 2 . Botnet 2 | . 2 . Fabricators . | . . . Repair Stations . | . . . Recycling Units . | . . . Scanalyzers . | . . . Garrison Access . | . . . Data Cores Recovered 1 | . 1 . Used . | . . . Hacking Detections 6 | . 6 . Full Trace Events 1 | . 1 . Feedback Events . | . . . Feedback Blocked . | . . . Robot Schematics Acquired . | . . . Robots Built . | . . . Authchips . | . . . Time . | . . . Total Robot Build Rating . | . . . Part Schematics Acquired . | . . . Parts Built . | . . . Authchips . | . . . Time . | . . . Total Part Build Rating . | . . . Parts Repaired 1 | . 1 . Time 26 | . 26 . Parts Recycled . | . . . Recycled Matter . | . . . Retrieved Matter . | . . . Retrieved Components . | . . . Parts Scanalyzed . | . . . Part Schematics Acquired . | . . . Parts Damaged . | . . . Bothacking | -11 -10 -10 ------------ Run | Yrd Mat Sub Used RIF Installer . | . . . Robots Hacked . | . . . Non-combat . | . . . Combat . | . . . Robot Hacks Applied . | . . . Relay Couplers Released . | . . . Fabnet Peak Effective % . | . . . Robots Rewired . | . . . Allies Hacked . | . . . Hacks Repelled . | . . . Allies | -11 -10 -10 -------- Run | Yrd Mat Sub Total Allies . | . . . Largest Group . | . . . Highest-Rated Group . | . . . Highest-Rated Ally . | . . . Total Orders . | . . . Ally Attacks . | . . . Total Damage . | . . . Kills . | . . . Allies Corrupted . | . . . Allies Melted . | . . . Intel | -11 -10 -10 ------- Run | Yrd Mat Sub Active Infowar (turns) 1770 | 47 1108 615 Seismic 1770 | 47 1108 615 Robot Analysis Total 1 | . 1 . Derelict Logs Recovered 3 | . . 3 Drone Launches . | . . . Drone Recoveries . | . . . Exploration | -11 -10 -10 ------------- Run | Yrd Mat Sub Turns Passed 2243 | 120 1108 1015 Spaces Moved 1094 | 52 512 530 Core 4 | 4 . . Treads 657 | 48 512 97 Legs . | . . . Wheels 433 | . . 433 Hover . | . . . Flight . | . . . Fastest Speed 50 | 50 160 119 Average Speed 155 | 151 160 151 Slowest Speed 240 | 160 160 240 Overloaded Moves . | . . . Propulsion Burnouts . | . . . Robots Hopped . | . . . Potential Cave-ins . | . . . Cave-ins Triggered . | . . . Exploration Rate (%) 39 | 5 90 24 Regions Visited 2 Branch Regions 1 Pre-discovered Areas 2 | . . 2 Known Exits Taken . | . . . Unknown Exits Taken 2 | 1 1 . Scrap Searched 6 | . . 6 Spaces Dug 17 | . 2 15 Terrain Destroyed 29 | . 2 27 Melee 8 | . 2 6 Projectile . | . . . AOE 21 | . . 21 Terrain Rammed . | . . . Walls Destroyed . | . . . Machines Disabled . | . . . Actions | -11 -10 -10 --------- Run | Yrd Mat Sub Total 1426 | 73 705 648 Wait 149 | . 117 32 Move 1092 | 51 511 530 Hop . | . . . Pick Up 26 | 6 13 7 Fast Attach 11 | 7 2 2 Attach 6 | . 1 5 Detach 1 | . . 1 Swap 21 | 1 5 15 Drop 7 | . 6 1 Fire 92 | 8 46 38 Melee 21 | . 4 17 Ram . | . . . Kick . | . . . Crush . | . . . Escape Stasis . | . . . Rewire . | . . . Trap . | . . . Miscellaneous . | . . . Route ------- -11/Scrapyard -10/Materials (discovered 6 exits: [*Mat x3] / [*Min x2] / *Sub) -10/Subcaves History --------- Turn | Location | Event 46 | -11/Scrapyard | Discovered new exit (range 15) 121 | -11/Scrapyard | Entered Materials 315 | -10/Materials | Build established: Mutant 451 | -10/Materials | Discovered new exit (range 11) 723 | -10/Materials | Discovered new exit (range 15) 904 | -10/Materials | Discovered new exit (range 7) 951 | -10/Materials | Discovered new exit (range 6) 1016 | -10/Materials | Repaired Lgt. Treads 1038 | -10/Materials | Discovered new exit (range 3) 1162 | -10/Materials | Discovered new exit (range 14) 1229 | -10/Materials | Entered Subcaves 1239 | -10/Subcaves | Learned location of Mines (-9) 1261 | -10/Subcaves | Learned 4 Materials zone layouts 1341 | -10/Subcaves | Learned Materials security intel 1383 | -10/Subcaves | Visited 4L-MR0's lab 1436 | -10/Subcaves | Core integrity fell below 50% 1464 | -10/Subcaves | Lost 3 parts (1p1n1w) 1517 | -10/Subcaves | Found Prototype Flight Unit 1522 | -10/Subcaves | Identified Flightbrick 1676 | -10/Subcaves | Disturbed a concealed Subdweller 1681 | -10/Subcaves | Disturbed a concealed Subdweller 1810 | -10/Subcaves | Visited Clippyterm 1814 | -10/Subcaves | Learned location of Deep Caves (-7) 2102 | -10/Subcaves | Core integrity fell below 20% 2244 | -10/Subcaves | Destroyed by S-10 Pest with Light Assault Rifle Last Messages --------------- World map updated: -7/Deep Caves. >>Record! "Botnets" It looks like you seek to become a more effective hacker when it comes to the important hacks, and I heartily recommend installing Trojan(Botnet) on at least one or two Terminals to improve your odds of success elsewhere. >>Record! "LU-1G1" It looks like you're researching the legendary digger of dangerously deep tunnels, unfortunately it seems not even members of the Boring Crew know what became of that one. 02039_ Subatomizers dissect the Slug Cannon. 02083_ Wheel destroyed. 02083_ Destroyed Wheel. 02087_ QV-G5P(R) destroyed. 02094_ The unstable cave ceiling collapses. 02103_ Lgt. Assault Rifle destroyed. 02105_ The unstable cave ceiling collapses. 02105_ SO-761(R) destroyed. 02107_ Acquired 14 matter. 02111_ The unstable cave ceiling collapses. Map ----- +----------------------------------------------------+ | #??????????# #????????????????????????????????? | | #??????????# ???????????????????????????????? | | ?????????# ??????????????????????????????? | | ??????? ?????????????????????????????? | | ?????? #????????????????????????????? | | ???? ##????????????????????????????? | | ##?? ## ##?????????????????????????????? | | ?#?? ??# ####???###???????????######??????## | | ???"???#########?###?## ##??????????# #??????# | | ?????????????????# ### #####??????# # ###???## | | ????????????# ??## ## ## ##???### #### ##### | | ????????????# ## #####" ## | | ??????????### *% | | ??????????# """"" ! | | | ?????????# ## ## " | | ?????????# ??# ####### "#### | | ?????????# ## ####?????## ""### ## | | ?????????# ##???????## " ### ## | | ?????????## ##??????# " #?# # | | ??????????## #??????#######?# | | ???????????# ## ##?????????????? | | ???????????? ##?## #??????????????? #" | | ????????????? #???## #??????????????## # | | ??????????????????# ##??????###????? ## | | ??????????????????# ##???? #????? ?? | | ??????????????????# @ ##### #????? ?? | | ?????????????????# ## #?????? ?? | | ???????????? ### ##???????####? | | ???????????# #?## ##????????????? | | ???????????## #??# ##?????????????? | | ????????????# s #### ????# ###??????????????? | | ???????????? ?????## ??### #????????????????? | | ????????????????????#???#" ##????????????????? | | ????????????????????????## #?????????????????? | | ????????????????????????#" ##????????????????? | | ????????????????????????### #????????????????? | | ??????????????????????????## ##????????????????? | | ???????????????????????????# #"#????????????????? | | ???????????????????????????# ####????????????????? | | ???????????????????????????###???????????????????? | | ?????????????????????????????????????????????????? | | ?????????????????????????????????????????????????? | | ?????????????????????????????????????????????????? | | ?????????????????????????????????????????????????? | | ?????????????????????????????????????????????????? | | ?????????????????????????????????????????????????? | | ?????????????????????????????????????????????????? | | ?????????????????????????????????????????????????? | | ?????????????????????????????????????????????????? | | ?????????????????????????????????????????????????? | +----------------------------------------------------+ Best States ------------- Heat Dissipation 39 Energy Generation 15 Energy Capacity 250 Matter Stores 300 Matter Capacity 300 Sight Range 16 Terrain Scan Density 10 Evasion (%) 40 Recoil Reduction 2 Item Schematics ----------------- None Robot Schematics ------------------ None Fabricated ------------ Nothing Repaired ---------- Lgt. Treads | 22% | -10/Materials Alien Tech Used ----------------- None Achievements -------------- None Challenges ------------ None Game ------ Seed CoolantHybridBarrier Manual? 0 Play Time 00:16:43 Cumulative 159.7 hours Start 2025.05.17 @ 02:29:38 End 2025.05.17 @ 02:43:14 Sessions 1 Manual Loads 0 Difficulty Rogue Special Mode None Game No. 110 Rogue 110 Adventurer 0 Explorer 0 Win Type - Total 6 Types 5/0/1/0/0/0/0/0/0/0 Lore% 64 Gallery% 58 Achievement% 54 Wizard Run 0 Options --------- Layout 0 ASCII 0 Keyboard 1 Movement Numpad Keybinds 0 Fullscreen 1 Font 24/Proggy Map View 76x56 Zoom Use 0% Tactical HUD 1 Map Filters NONE Filters NONE Steam 1 RUN: cf5005b1-48ba-480b-b1ab-dc90e133252f